 Dungeon Crawl Stone Soup version 0.27-a0-1423-ge5d6b6ab6a (webtiles) character file.

Game seed: 14752583235098619990

135 HAL9000 the Changer (level 4, -1/35 HPs)
             Began as a Draconian Transmuter on July 2, 2021.
             Slain by a scorpion (8 damage)
             ... on level 3 of the Dungeon.
             The game lasted 00:04:31 (2654 turns).

HAL9000 the Changer (Draconian Transmuter)          Turns: 2654, Time: 00:04:32

Health: -1/35      AC:  5    Str: 13    XL:     4   Next: 97%
Magic:  0/7        EV: 12    Int: 14    God:
Gold:   64         SH:  0    Dex: 11    Spells: 1/7 levels left

rFire    . . .     SeeInvis .     - Unarmed
rCold    . . .     Faith    .   (no shield)
rNeg     . . .     Spirit   +   (armour unavailable)
rPois    .         Reflect  .   (helmet restricted)
rElec    .         Harm     .   (no cloak)
rCorr    .         Rampage  .   (no gloves)
Will     .....                  (no boots)
Stlth    +.........             g - amulet of guardian spirit
HPRegen  0.11/turn              (no ring)
MPRegen  0.10/turn              (no ring)

@: brilliant, lethally poisoned (-1 -> -7)
A: AC +5, unfitting armour, cold-blooded
a: no special abilities


You were on level 3 of the Dungeon.
You visited 1 branch of the dungeon, and saw 3 of its levels.

You collected 64 gold pieces.

Inventory:

Missiles
 j - a throwing net
Magical Staves
 m - a staff of cold
Jewellery
 g - an amulet of guardian spirit (around neck)
Scrolls
 b - a scroll of magic mapping {unknown}
 c - a scroll of teleportation
 e - a scroll of enchant armour {unknown}
 h - a scroll of enchant weapon {unknown}
 k - a scroll of torment {unknown}
Potions
 a - a potion of cancellation
 d - a potion of lignification
 f - 2 potions of resistance
 l - a potion of flight {unknown}


   Skills:
 - Level 1.1 Fighting
 - Level 1.7 Dodging
 - Level 3.0 Unarmed Combat
 - Level 2.0 Spellcasting
 + Level 5.2 Transmutations


You had one spell level left.
You knew the following spells:

 Your Spells              Type           Power      Damage    Failure   Level
a - Beastly Appendage     Tmut           48%        N/A       2%          1
b - Wereblood             Tmut           24%        N/A       4%          2
c - Spider Form           Tmut/Pois      6%         N/A       24%         3

Your spell library contained the following spells:

 Spells                   Type           Power      Damage    Failure   Level
 Corona                   Hex            2%         N/A       24%         1
 Corpse Rot               Necr/Air       N/A        N/A       34%         2
 Ensorcelled Hibernation  Hex/Ice        4%         N/A       34%         2
 Summon Guardian Golem    Hex/Summ       2%         N/A       56%         3
 Tukima's Dance           Hex            2%         N/A       56%         3
 Ice Form                 Ice/Tmut       13%        N/A       63%         4
 Dispel Undead            Necr           2%         3d7       93%         4
 Summon Ice Beast         Ice/Summ       2%         N/A       93%         4
 Summon Mana Viper        Hex/Summ       2%         N/A       100%        5
 Death Channel            Necr           1%         N/A       100%        6
 Monstrous Menagerie      Summ           1%         N/A       100%        7
 Orb of Destruction       Conj           1%         N/A       100%        7
 Spellforged Servitor     Conj/Summ      1%         N/A       100%        7


Dungeon Overview and Level Annotations

Branches:
Dungeon (3/15)

Altars:

Shops:
D:1 [


Innate Abilities, Weirdness & Mutations

Your plain brown scales are hard. (AC +5)
You cannot fit into any form of body armour.
You are cold-blooded and may be slowed by cold attacks.


Message History

You hit the goblin.
You kill the goblin!
You see here a +0 dagger.
Found a stone staircase leading down.
Casting: Beastly Appendage (safe; 2% risk of failure)
Confirm with . or Enter, or press ? or * to list all spells.
Your blood is infused with primal strength.
The scorpion stings you.
The hobgoblin hits you but does no damage.
Unknown command.
You hit the scorpion but do no damage. You tail-slap the scorpion.
The scorpion is lightly wounded.
The scorpion closely misses you.
Unknown command.
You hit the hobgoblin.
Your tail-slap misses the hobgoblin.
The hobgoblin is heavily wounded.
The scorpion stings you. The hobgoblin completely misses you.
Casting: Wereblood (safe; 4% risk of failure)
Confirm with . or Enter, or press ? or * to list all spells.
You grow a pair of large bovine horns.
Your feet morph into talons.
The scorpion misses you. The hobgoblin barely misses you.
The scorpion stings you!
You are poisoned.
The scorpion poisons you!
You hit the hobgoblin. You headbutt the hobgoblin.
You feel a bit better.
You kill the hobgoblin!
You feel very sick. The scorpion stings you!
It was a potion of cancellation.
Your magical effects are unravelling.
You feel magically purged.
Your horns disappear.
Your talons disappear.
Your primal bloodlust has ended.
You feel sick. The scorpion stings you.
* * * LOW HITPOINT WARNING * * *
Unknown command.
It was a potion of brilliance.
You feel clever all of a sudden.
* * * LOW HITPOINT WARNING * * *
You feel sick. The scorpion stings you!
You die...

###.....#......##
.†'.....#.......#
####....#..)....#
≈≈≈†.)..#....#..##
####....#....#...#
###..##.##..###..#
.######..##. #..##
.##.....##.. #.).#
.##.....#.. #.@.#
..+.....# #.s.#
.##.....# #....#
#.###.### #.....#
#.###.# ###...#
#.....# ...#
#.##### .... ..#
..>.. ###


You could see a scorpion.

Vanquished Creatures
  The ghost of Nattfarinn the Caller, a weakling BaSu (D:3)
  3 adders (D:3)
  A worm (D:3)
  A dart slug (D:3)
  5 ball pythons
  6 bats
  3 endoplasms
  2 giant cockroaches (D:1)
  6 goblins
  6 hobgoblins
  7 jackals (D:1)
  7 kobolds
  2 quokkas
  3 frilled lizards
  3 rats
56 creatures vanquished.

Notes
Turn   | Place    | Note
-------+----------+-------------------------------------------
     0 | D:1      | HAL9000 the Draconian Transmuter began the quest for the
                  | Orb.
     0 | D:1      | Reached XP level 1. HP: 16/16 MP: 3/3
   218 | D:1      | Reached XP level 2. HP: 18/23 MP: 3/5
   227 | D:1      | Learned a level 2 spell: Wereblood
   411 | D:1      | Reached skill level 3 in Transmutations
   605 | D:1      | Found Isaschosh's Antique Armour Shoppe.
   823 | D:1      | Reached XP level 3. HP: 26/28 MP: 4/6
   831 | D:1      | Learned a level 3 spell: Spider Form
  1840 | D:2      | Found a faded altar of an unknown god.
  1974 | D:3      | Reached skill level 4 in Transmutations
  2316 | D:3      | Reached XP level 4. HP: 29/35 MP: 4/7
  2344 | D:3      | Found a runed translucent door.
  2349 | D:3      | Noticed Nattfarinn's ghost (weakling BaSu)
  2379 | D:3      | Killed Nattfarinn's ghost
  2380 | D:3      | Reached skill level 5 in Transmutations
  2644 | D:3      | Noticed a scorpion
  2654 | D:3      | Slain by a scorpion

Illustrated notes

Levels and vault maps discovered:
D:1:      pf_arrival_petrified_forest, layout_loops_corners, serial_shops, shop
D:2:      layout_basic, shapermc_ecumenical_altar_venn, serial_park_tiny_2
D:3:      layout_basic, led_sif_book, ebering_ghost_sewer_d, minmay_liquid_box,
          hex_intersection, uniq_jessica

Skill      XL: |  1  2  3  4 |
---------------+-------------+-----
Transmutations | 3 4 5 |  5.2
Fighting       | |  1.1
Dodging        | |  1.7
Unarmed Combat | |  3.0
Spellcasting   | |  2.0

Action                   |  1- 3 |  4- 6 || total
-------------------------+-------+-------++-------
Melee: Unarmed           |   154 |    28 ||   182
       Kick              |    15 |     1 ||    16
       Tailslap          |    13 |     1 ||    14
       Headbutt          |    10 |     1 ||    11
       Punch             |     2 |     1 ||     3
 Cast: Beastly Appendage |    23 |     3 ||    26
       Wereblood         |     3 |     2 ||     5
  Use: Scroll            |     1 |     2 ||     3
       Potion            |       |     3 ||     3
Armor: Skin              |    66 |    25 ||    91
Dodge: Dodged            |    96 |    14 ||   110

Table legend: (Time is in decaauts)
 A = Elapsed time spent in this place.
 B = Non-inter-level travel time spent in this place.
 C = Inter-level travel time spent in this place.
 D = Time resting spent in this place.
 E = Time spent auto-exploring this place.
 F = Levels seen in this place.
 G = Mean time per level.
                   A        B        C        D        E       F      G
               +--------+--------+--------+--------+--------+-----+--------+
         Total |   2653 |   2619 |     34 |    146 |   2032 |   3 |  884.3 |
       Dungeon |   2653 |   2619 |     34 |    146 |   2032 |   3 |  884.3 |
               +--------+--------+--------+--------+--------+-----+--------+

Top non-repeatable levels by time:
     D:1: 1313 daAuts
     D:3: 706 daAuts
     D:2: 633 daAuts
